 Dungeon Crawl Stone Soup version 0.27-a0-1217-g8a41f320e8 (webtiles) character file.

Game seed: 4468498023798712892

11 Ancestrald the Conjurer (level 2, -3/15 HPs)
             Began as a Tengu Conjurer on June 6, 2021.
             Killed from afar by a dart slug (5 damage)
             ... with a slug dart
             ... on level 1 of the Dungeon.
             The game lasted 00:02:50 (477 turns).

Ancestrald the Conjurer (Tengu Conjurer)             Turns: 477, Time: 00:02:50

Health: -3/15      AC:  2    Str:  7    XL:     2   Next: 29%
Magic:  0/6        EV: 12    Int: 18    God:
Gold:   11         SH:  0    Dex: 12    Spells: 4/5 levels left

rFire    . . .     SeeInvis .   (no weapon)
rCold    . . .     Faith    .   (no shield)
rNeg     . . .     Spirit   .   a - +0 robe
rPois    .         Reflect  .   (helmet restricted)
rElec    .         Harm     .   (no cloak)
rCorr    .         Rampage  .   (no gloves)
Will     .....                  (boots unavailable)
Stlth    ++........             (no amulet)
HPRegen  0.05/turn              (no ring)
MPRegen  0.10/turn              (no ring)

@: no status effects
A: beak, talons 3
a: no special abilities


You were on level 1 of the Dungeon.
You visited 1 branch of the dungeon, and saw 1 of its levels.

You collected 11 gold pieces.

Inventory:

Armour
 a - a +0 robe (worn)
Potions
 b - a potion of berserk rage {unknown}


   Skills:
 + Level 2.2 Dodging
 * Level 2.1 Stealth
 * Level 2.1 Spellcasting
 * Level 5.9 Conjurations


You had 4 spell levels left.
You knew the following spells:

 Your Spells              Type           Power      Damage    Failure   Level
a - Magic Dart            Conj           92%        1d7       1%          1

Your spell library contained the following spells:

 Spells                   Type           Power      Damage    Failure   Level
 Searing Ray              Conj           46%        3d4       2%          2
 Dazzling Flash           Conj/Hex       24%        N/A       16%         3
 Fulminant Prism          Conj/Hex       6%         3d7       47%         4
 Iskenderun's Mystic Bla  Conj/Tloc      12%        2d5       47%         4


Dungeon Overview and Level Annotations

Branches:
Dungeon (1/15)

Altars:


Innate Abilities, Weirdness & Mutations

You have a beak for a mouth.
You have claws for feet.


Message History

* * * LOW HITPOINT WARNING * * *
The jackal barely misses you.
You closely miss the jackal. You claw the jackal, but do no damage.
The jackal is heavily wounded.
The jackal closely misses you.
The jackal bites you but does no damage.
There is an open gate here.
The jackal closely misses you. The jackal bites you.
* * * LOW HITPOINT WARNING * * *
There is an open door, spattered with blood here.
The jackal bites you but does no damage.
There is an open door here.
Aiming: Magic Dart (safe; 1% risk of failure)
Press: ? - help, Q - select action Shift-Dir - straight line, f - jackal
Aim: a jackal (100% to hit)
The magic dart hits the jackal but does no damage.
The jackal closely misses you. The jackal closely misses you.
You don't have enough magic to cast this spell.
You don't have enough magic to cast this spell.
There is a staircase leading out of the dungeon here.
You see here a bat skeleton.
The jackal bites you.
* * * LOW HITPOINT WARNING * * *
The jackal barely misses you.
There is an open door here.
Aiming: Magic Dart (safe; 1% risk of failure)
Press: ? - help, Q - select action Shift-Dir - straight line, f/p - jackal
Aim: a jackal (100% to hit)
The magic dart hits the jackal.
You kill the jackal!
You start resting.
A dart slug is nearby!
You don't have enough magic to cast this spell.
You don't have enough magic to cast this spell.
A dart slug is nearby!
The dart slug launches a dart at you. The slug dart hits you.
You die...

#.≈≈..≈≈≈.# . #..≈≈≈≈≈..#
#...≈...# ### ####### ####
##..# #≈.≈# ##..## ##
#.#..# ##'## ##.§..# #.
##....####...####§.§§####.
.#○☼..#.#.....#8#§§§.'.##.
.#○○☼.#.'@.<..'w'§§§.'..†w
.#○...#.#..>÷.#8#§§§.'.###
##....####...####§§.§### #
#....# ##'## ##....#####
##..# #≈.≈# ##..##.... ###
####### #####....
#.......# #....
#...≈§.≈..# #####
#.§§§§≈≈≈.#


You could see a dart slug.

Vanquished Creatures
  7 jackals (D:1)
  A ball python (D:1)
  A bat (D:1)
  A rat (D:1)
10 creatures vanquished.

Notes
Turn   | Place    | Note
-------+----------+-------------------------------------------
     0 | D:1      | Ancestrald the Tengu Conjurer began the quest for the Orb.
     0 | D:1      | Reached XP level 1. HP: 10/10 MP: 4/4
   428 | D:1      | Reached XP level 2. HP: 15/15 MP: 1/6
   477 | D:1      | Killed from afar by a dart slug

Illustrated notes

Levels and vault maps discovered:
D:1:      shiori_arrival_elements, layout_basic, ebering_ecumenical_altar_mist,
          serial_shops, shop, minmay_pentomino_p2

Action                   || total
-------------------------++-------
Melee: Unarmed           ||    27
       Peck              ||     5
       Kick              ||     3
 Cast: Magic Dart        ||    17
Armor: Robe              ||    25
Dodge: Dodged            ||    53

Table legend: (Time is in decaauts)
 A = Elapsed time spent in this place.
 B = Non-inter-level travel time spent in this place.
 C = Inter-level travel time spent in this place.
 D = Time resting spent in this place.
 E = Time spent auto-exploring this place.
 F = Levels seen in this place.
 G = Mean time per level.
                   A        B        C        D        E       F      G
               +--------+--------+--------+--------+--------+-----+--------+
         Total |    477 |    477 |      0 |    287 |      3 |   1 |  477.0 |
       Dungeon |    477 |    477 |      0 |    287 |      3 |   1 |  477.0 |
               +--------+--------+--------+--------+--------+-----+--------+

Top non-repeatable levels by time:
     D:1: 477 daAuts
